 Dungeon Crawl Stone Soup version 0.29-a0-392-g297d3b089c (webtiles) character file.

Game seed: 16643405570300703087

9 puppykicker the Vexing (level 2, -2/23 HPs)
             Began as a Draconian Arcane Marksman on May 8, 2022.
             Slain by a gnoll
             ... wielding a +0 flail
              (13 damage)
             ... on level 1 of the Dungeon.
             The game lasted 00:01:28 (328 turns).

puppykicker the Vexing (Draconian Arcane Marksman)   Turns: 328, Time: 00:01:29

Health: -2/23      AC:  4    Str: 12    XL:     2   Next: 3%
Magic:  3/3        EV: 12    Int: 13    God:
Gold:   41         SH:  0    Dex: 11    Spells: 2/3 levels left

rFire   . . .      SeeInvis .   b - +0 hand crossbow
rCold   . . .      Faith    .   (no shield)
rNeg    . . .      Spirit   .   (body armour unavailable)
rPois   .          Reflect  .   (helmet restricted)
rElec   .          Harm     .   (no cloak)
rCorr   .          Rampage  .   (no gloves)
Will    .....                   (no boots)
Stlth   +.........              (no amulet)
HPRegen 0.07/turn               (no ring)
MPRegen 0.08/turn               (no ring)

@: no status effects
A: AC +4, unfitting armour, cold-blooded
a: no special abilities


You were on level 1 of the Dungeon.
You visited 1 branch of the dungeon, and saw 1 of its levels.

You collected 41 gold pieces.

Inventory:

Hand Weapons
 a - a +0 short sword
 b - a +0 hand crossbow (weapon)
Scrolls
 c - 2 scrolls of enchant armour {unknown}
 d - a scroll of vulnerability {!r!r}
 e - a scroll of enchant weapon {unknown}


   Skills:
 + Level 1.4 Fighting
 * Level 2.0 Crossbows
 + Level 1.9 Dodging
 + Level 1.1 Spellcasting
 + Level 2.7 Hexes


You had 2 spell levels left.
You knew the following spells:

 Your Spells              Type           Power      Damage    Failure   Level
s - Slow                  Hex            28%        N/A       9%          1

Your spell library contained the following spells:

 Spells                   Type           Power      Damage    Failure   Level
 Inner Flame              Hex/Fire       4%         N/A       43%         3
 Portal Projectile        Hex/Tloc       8%         N/A       43%         3
 Conjure Flame            Conj/Fire      0%         6-21      63%         3
 Ignite Poison            Fire/Tmut/Pois 0%         N/A       63%         3
 Cause Fear               Hex            3%         N/A       65%         4
 Sticky Flame             Conj/Fire      0%         2d3       95%         4


Dungeon Overview and Level Annotations

Branches:
Dungeon (1/15)

Altars:


Innate Abilities, Weirdness & Mutations

Your plain brown scales are hard. (AC +4)
You cannot fit into any form of body armour.
You are cold-blooded and may be slowed by cold attacks.


Message History

You shoot a bolt. The bolt closely misses the hobgoblin.
You shoot a bolt. The bolt barely misses the hobgoblin.
You shoot a bolt. The bolt barely misses the hobgoblin.
The hobgoblin completely misses you.
You shoot a bolt. The bolt hits the hobgoblin.
The hobgoblin hits you.
You take 3 damage, and have 13/16 hp.
You shoot a bolt. The bolt hits the hobgoblin.
You kill the hobgoblin!
You have reached level 2!
You regained 6 hp, and now have 19/23 hp.
MP restored: 3
Okay, then.
You pick up an Everburning Encyclopedia and begin reading...
You add the spells Conjure Flame, Ignite Poison and Sticky Flame to your library.
You enter the shallow water.
Moving in this stuff is going to be slow.
You see here a hobgoblin corpse.
A gnoll comes into view. It is wielding a +0 flail.
You shoot a bolt. The gnoll shouts!
The bolt hits the gnoll.
A bat comes into view.
You shoot a bolt. The bolt closely misses the bat.
The bat barely misses you.
You shoot a bolt. The bolt hits the bat!
You kill the bat!
You shoot a bolt. The bolt hits the gnoll!
You shoot a bolt. The bolt barely misses the gnoll.
A quokka comes into view.
The gnoll hits you with a +0 flail!
* * * LOW HITPOINT WARNING * * *
You take 9 damage, and have 11/23 hp.
MASSIVE DAMAGE!!
Shoot: b) +0 hand crossbow
Press: ? - help, Q - select action Shift-Dir - straight line, f - quokka, p - gnoll
Aim: a quokka (wandering, hasn't noticed you, 46% to hit)
You shoot a bolt.
The bolt hits the gnoll but does no damage.
The gnoll hits you with a +0 flail!
Ouch! That really hurt!
You die...

.......# ...r..# ......#
..... #...## #.†..#
#.g.# #########.@.####.
#######≈≈.≈†.##.........
......#≈##≈≈.........##.
.....≈≈≈#.8#≈........+
...≈.≈##≈≈.#.........#
...≈≈≈.≈.≈##≈........#
....≈≈≈..≈#≈.........#
...≈+≈≈≈≈.#..........#
..(.+≈≈.._#≈...........


You could see a gnoll and a quokka.

Levels and vault maps discovered:
D:1:      dpeg_arrival_tiny_g, layout_basic,
          dreamdust_ecumenical_altar_drowned_temple, serial_bayou_pond_c,
          minmay_misc_feat_tiny

Notes
Turn   | Place    | Note
-------+----------+-------------------------------------------
     0 | D:1      | puppykicker the Draconian Arcane Marksman began the quest
                  | for the Orb.
     0 | D:1      | Reached XP level 1. HP: 16/16 MP: 2/2
    65 | D:1      | Identified a +0 short sword
    95 | D:1      | Identified a +0 dagger
   160 | D:1      | Identified a +0 leather armour
   238 | D:1      | Reached skill level 2 in Crossbows
   294 | D:1      | Found a faded altar of an unknown god.
   313 | D:1      | Reached XP level 2. HP: 19/23 MP: 3/3
   322 | D:1      | Identified a +0 flail
   328 | D:1      | Slain by a gnoll

Table legend: (Time is in decaauts)
 A = Elapsed time spent in this place.
 B = Non-inter-level travel time spent in this place.
 C = Inter-level travel time spent in this place.
 D = Time resting spent in this place.
 E = Time spent auto-exploring this place.
 F = Levels seen in this place.
 G = Mean time per level.
                   A        B        C        D        E       F      G
               +--------+--------+--------+--------+--------+-----+--------+
         Total |    350 |    350 |      0 |     32 |    250 |   1 |  350.0 |
       Dungeon |    350 |    350 |      0 |     32 |    250 |   1 |  350.0 |
               +--------+--------+--------+--------+--------+-----+--------+

Top non-repeatable levels by time:
     D:1: 350 daAuts

Table legend:
 A = Kills in this place as a percentage of kills in entire the game.
 B = Kills by you in this place as a percentage of kills by you in the entire game.
 C = Kills by friends in this place as a percentage of kills by friends in the entire game.
 D = Other kills in this place as a percentage of other kills in the entire game.
 E = Experience gained in this place as a percentage of experience gained in the entire game.
 F = Experience gained in this place divided by the number of levels of this place that you have seen.
                   A       B       C       D       E      F
               +-------+-------+-------+-------+-------+----------------------
         Total | 100.0 | 100.0 |   N/A |   N/A | 100.0 |  13.0
       Dungeon | 100.0 | 100.0 |   N/A |   N/A | 100.0 |  13.0
               +-------+-------+-------+-------+-------+----------------------

Skill      XL: |  1 |
---------------+----+-----
Crossbows      | 2 |  2.0
Fighting       | |  1.4
Dodging        | |  1.9
Spellcasting   | |  1.1
Hexes          | |  2.7

Action                   || total
-------------------------++-------
 Fire: Hand crossbow     ||    36
Armor: Skin              ||    10
Dodge: Dodged            ||    14

Vanquished Creatures
  A goblin (D:1)
  3 hobgoblins (D:1)
  A quokka (D:1)
  2 bats (D:1)
  A spectral goblin (D:1)
8 creatures vanquished.

Vanquished Creatures (others)
  2 plants (D:1)
2 creatures vanquished.

Grand Total: 10 creatures vanquished
